 Dungeon Sprint DCSS version 0.27.1-1-g398f81649c (webtiles) character file.

Game seed: 16168248937263421806

18856 ugugthedestroyer the Fencer (level 13, -3/115 HPs)
             Began as a Human Fighter on Sept 8, 2021.
             Was the Champion of Jiyva.
             Slain by a fire giant (17 damage)
             ... in the Dungeon (Sprint IX: "|||||||||||||||||||||||||||||").
             The game lasted 00:13:32 (2026 turns).

ugugthedestroyer the Fencer (Human Fighter)         Turns: 2026, Time: 00:13:34

Health: -3/115     AC: 23    Str: 26    XL:     13   Next: 0%
Magic:  14/14      EV: 12    Int: 10    God:    Jiyva [******]
Gold:   716        SH: 23    Dex: 14    Spells: 12/12 levels left

rFire    + . .     SeeInvis +   m - +4 scimitar (venom)
rCold    . . .     Faith    .   c - +0 kite shield
rNeg     . . .     Spirit   .   p - +1 chain mail
rPois    .         Reflect  +   f - +0 helmet
rElec    .         Harm     .   b - +0 cloak
rCorr    +         Rampage  .   o - +0 pair of gloves
Will     .....     NoTele   +   d - +0 pair of boots
Stlth    +.........             a - amulet of reflection
HPRegen  0.29/turn              q - +2 ring of protection
MPRegen  0.14/turn              r - +3 ring of dexterity

@: no status effects
A: claws 1, talons 2, large bone plates 1, see invisible, fire resistance 1,
high mp 1, shaggy fur 1, strong 2, wild magic 1, acidic bite, eyeballs 1, jelly
sensing items, sturdy frame 1
a: Renounce Religion, Request Jelly, Slimify, Cure Bad Mutation


You were in the Dungeon.
You worshipped Jiyva.
Jiyva was exalted by your worship.
You visited 1 branch You collected 716 gold pieces.

Inventory:

Hand Weapons
 m - a +4 scimitar of venom (weapon)
Armour
 b - a +0 cloak (worn)
 c - a +0 kite shield (worn)
 d - a +0 pair of boots (worn)
 f - a +0 helmet (worn)
 n - a +0 cloak
 o - a +0 pair of gloves (worn)
 p - a +1 chain mail (worn)
Jewellery
 a - an amulet of reflection (around neck)
 q - a +2 ring of protection (left hand)
 r - a +3 ring of dexterity (right hand)
Scrolls
 i - a scroll of silence
 j - 3 scrolls of blinking
 k - 2 scrolls of amnesia
 s - a scroll of fear
 t - a scroll of fog
 v - a scroll of identify
Potions
 e - a potion of curing
 h - 4 potions of magic


   Skills:
 + Level 15.0 Fighting
 + Level 17.6 Long Blades
 + Level 13.9 Armour
 + Level 6.6 Dodging
 + Level 6.5 Stealth
 + Level 14.2 Shields


You had 12 spell levels left.
You didn't know any spells.
Your spell library was empty.

Dungeon Overview and Level Annotations

Branches:
Dungeon (1/1)

Altars:
Cheibriados
Dithmenos
Elyvilon
Fedhas
Gozag
Hepliaklqana
Kikubaaqudgha
Makhleb
Nemelex Xobeh
Okawaru
Qazlal
Ru
Sif Muna
Trog
Uskayaw
Vehumet
Wu Jian
Xom
Yredelemnul
Zin
The Shining One
Beogh
Jiyva
Lugonu

Shops:
D ?(((


Innate Abilities, Weirdness & Mutations

You have sharp fingernails.
You have razor-sharp toenails.
You are partially covered in large bone plates. (SH +4)
You have supernaturally acute eyesight. (SInv)
Your flesh is heat resistant. (rF+)
You have an increased reservoir of magic. (+10% MP)
You are covered in fur. (AC +1)
Your muscles are very strong. (Str +4)
Your spells are a little harder to cast, but a little more powerful.
You have acidic saliva.
Your body has grown golden eyes which may confuse attackers. (Acc +3)
You have a small jelly attached to you that senses nearby items.
Your movements are slightly less encumbered by armour. (ER -2)


Message History

You block the deep troll shaman's attack.
There is an open door to the Dungeon here.
You barely miss the deep troll shaman.
The deep troll shaman is lightly wounded.
You slash the deep troll shaman!
The deep troll shaman is poisoned.
You bite the deep troll shaman.
The deep troll shaman is splashed with acid!
The acid corrodes the deep troll shaman!
The deep troll shaman is severely wounded.
The deep troll shaman bites you but does no damage.
You block the deep troll shaman's attack.
The deep troll shaman claws you!
* * * LOW HITPOINT WARNING * * *
You slash the deep troll shaman!
The deep troll shaman looks as sick as possible!
The deep troll shaman is almost dead.
You kill the deep troll shaman!
Your Fighting skill increases to level 15!
You have reached level 13!
You slash the fire giant!
The fire giant is poisoned.
You bite the fire giant, but do no damage.
The fire giant is lightly wounded.
You block the fire giant's attack.
Unknown command.
You slash the fire giant!
The fire giant looks as sick as possible!
You bite the fire giant, but do no damage.
The fire giant is moderately wounded.
You block the fire giant's attack.
Unknown command.
You slash the fire giant!
The fire giant looks as sick as possible!
You bite the fire giant, but do no damage.
The fire giant is moderately wounded.
Unknown command.
You slash the fire giant!
The fire giant looks as sick as possible!
The fire giant is heavily wounded.
The fire giant hits you with a +2 great sword of flaming!
You die...

▓▓▓▓▓▓▓▓▓▓▓▓▓▓▓▓▓▓▓▓▓▓▓▓▓
.....uCC@..J...........[.
▓▓▓▓▓▓▓▓▓▓▓▓▓▓▓▓▓▓▓▓▓▓▓▓▓▓▓▓▓▓▓▓▓
..†..............................
▓▓▓▓▓▓▓▓▓▓▓▓▓▓▓▓▓▓▓▓▓▓▓▓▓▓▓▓▓▓▓▓▓
'..J..∩JJ.∩.∩.....'............'.
▓▓▓▓▓▓▓▓▓▓▓▓▓▓▓▓▓▓▓▓▓▓▓▓▓▓▓▓▓▓▓▓▓
.............................)...
▓▓▓▓▓▓▓▓▓▓▓▓▓▓▓▓▓▓▓▓▓▓▓▓▓▓▓▓▓▓▓▓▓
....'!...........'.÷.......'÷....


You could see a white very ugly thing, a fire giant (extremely poisoned), a
stone giant and a neutral slime creature (wandering) (fellow slime).

Vanquished Creatures
  A dire elephant (D)
  Josephine (D)
  A rakshasa (D)
  A two-headed ogre (D)
  8 orc high priests (D)
  A deep troll shaman (D)
  An orc sorcerer (D)
  2 orc knights (D)
  A deep elf pyromancer (D)
  2 manticores (D)
  An ugly thing (D)
  3 elephants (D)
  3 cane toads (D)
  A black mamba (D)
  A gargoyle (D)
  A komodo dragon (D)
  A rime drake (D)
  A dream sheep (D)
  A yak (D)
  3 wraiths (D)
  2 wyverns (D)
  A hog (shapeshifter) (D)
  Grum (D)
  3 basilisks (D)
  A water moccasin (D)
  A black bear (D)
  7 orc warriors (D)
  2 wolves (D)
  5 bullfrogs (D)
  A gnoll sergeant (D)
  A wight (D)
  8 orc priests (D)
  7 orc wizards (D)
  A worm (D)
  A dart slug (D)
  6 orcs (D)
  A bat skeleton (D)
  A bat zombie (D)
  A goblin (D)
  2 kobolds (D)
  A rat (D)
89 creatures vanquished.

Vanquished Creatures (collateral kills)
  A dire elephant (D)
1 creature vanquished.

Vanquished Creatures (others)
  An azure jelly (D)
  2 great orbs of eyes (D)
  A centaur warrior (D)
  A cyclops (D)
  A manticore (D)
  4 slime creatures (D)
  A wraith (D)
  17 jellies (D)
  A howler monkey (D)
  An orc wizard (D)
30 creatures vanquished.

Grand Total: 120 creatures vanquished

Notes
Turn   | Place    | Note
-------+----------+-------------------------------------------
     0 | D        | ugugthedestroyer the Human Fighter began the quest for the
                  | Orb.
     0 | D        | Reached XP level 1. HP: 18/18 MP: 1/1
    18 | D        | Reached XP level 2. HP: 24/24 MP: 2/2
    23 | D        | Noticed a black bear
    29 | D        | Killed a black bear
    30 | D        | Reached skill level 5 in Fighting
    30 | D        | Reached skill level 4 in Long Blades
    30 | D        | Reached skill level 5 in Armour
    30 | D        | Reached skill level 5 in Shields
    30 | D        | Reached XP level 3. HP: 28/33 MP: 3/3
    30 | D        | Reached XP level 4. HP: 33/39 MP: 4/4
    30 | D        | Reached XP level 5. HP: 38/44 MP: 5/5
    42 | D        | Found a snail-covered altar of Cheibriados.
    42 | D        | Found a shadowy altar of Dithmenos.
    42 | D        | Found a white marble altar of Elyvilon.
    42 | D        | Found a blossoming altar of Fedhas.
    42 | D        | Found an opulent altar of Gozag.
    43 | D        | Found a hazy altar of Hepliaklqana.
    44 | D        | Found a viscous altar of Jiyva.
    45 | D        | Found an ancient bone altar of Kikubaaqudgha.
    46 | D        | Found a corrupted altar of Lugonu.
    47 | D        | Found a burning altar of Makhleb.
    48 | D        | Found a sparkling altar of Nemelex Xobeh.
    49 | D        | Found an iron altar of Okawaru.
    50 | D        | Found a stormy altar of Qazlal.
    51 | D        | Found a sacrificial altar of Ru.
    52 | D        | Became a worshipper of Jiyva Juse the Shapeless
    53 | D        | Found a shimmering blue altar of Sif Muna.
    54 | D        | Found a bloodstained altar of Trog.
    54 | D        | Killed a great orb of eyes
    54 | D        | Killed a slime creature
    54 | D        | Killed a great orb of eyes
    55 | D        | Found a hide-covered altar of Uskayaw.
    56 | D        | Found a radiant altar of Vehumet.
    57 | D        | Found an ornate altar of the Wu Jian Council.
    58 | D        | Found a shimmering altar of Xom.
    59 | D        | Found a basalt altar of Yredelemnul.
    60 | D        | Found a glowing silver altar of Zin.
    61 | D        | Found a glowing golden altar of the Shining One.
    87 | D        | Reached * piety under Jiyva
    87 | D        | Reached ** piety under Jiyva
    89 | D        | Reached *** piety under Jiyva
    89 | D        | Gained mutation: Your skin changes colour to match your
                  | surroundings (Stealth+). [Jiyva's grace]
    89 | D        | Reached **** piety under Jiyva
   121 | D        | Noticed a two-headed ogre
   121 | D        | Noticed a wyvern
   133 | D        | Killed a wyvern
   134 | D        | Reached skill level 6 in Long Blades
   134 | D        | Reached skill level 1 in Dodging
   134 | D        | Reached XP level 6. HP: 41/53 MP: 6/6
   140 | D        | Killed a two-headed ogre
   141 | D        | Reached skill level 9 in Long Blades
   141 | D        | Reached XP level 7. HP: 45/63 MP: 7/7
   141 | D        | Reached XP level 8. HP: 50/70 MP: 8/8
   151 | D        | Reached skill level 10 in Long Blades
   164 | D        | Gained mutation: Your melee attacks may engulf your foes in
                  | ooze. [Jiyva's grace]
   164 | D        | Reached ***** piety under Jiyva
   322 | D        | Noticed a gargoyle
   322 | D        | Noticed a manticore
   322 | D        | Noticed a cyclops
   322 | D        | Noticed a wraith
   322 | D        | Noticed a five-headed hydra
   322 | D        | Noticed a skeletal warrior
   346 | D        | Slimified a skeletal warrior
   346 | D        | Noticed a slime creature
   346 | D        | a skeletal warrior changed into a slime creature
   347 | D        | Gained mutation: You are strong-willed. (Will+) [Jiyva's
                  | grace]
   348 | D        | Killed a slime creature
   352 | D        | Slimified a five-headed hydra
   352 | D        | Noticed an azure jelly
   352 | D        | a five-headed hydra changed into an azure jelly
   353 | D        | Killed a wraith
   361 | D        | Killed a cyclops
   362 | D        | Killed a manticore
   368 | D        | Killed an azure jelly
   374 | D        | Killed a gargoyle
   786 | D        | Gained mutation: You have acidic saliva. [Jiyva's grace]
   793 | D        | Noticed a komodo dragon
   793 | D        | Noticed a cane toad
   793 | D        | Noticed a cane toad
   793 | D        | Noticed a basilisk
   793 | D        | Noticed a basilisk
   795 | D        | Noticed a black mamba
   797 | D        | Killed a basilisk
   798 | D        | Noticed a wyvern
   800 | D        | Killed a basilisk
   801 | D        | Reached skill level 11 in Long Blades
   801 | D        | Reached XP level 9. HP: 59/77 MP: 9/9
   808 | D        | Killed a cane toad
   809 | D        | Reached skill level 5 in Stealth
   813 | D        | Killed a cane toad
   814 | D        | Reached skill level 10 in Fighting
   814 | D        | Reached skill level 10 in Armour
   822 | D        | Killed a komodo dragon
   823 | D        | Reached skill level 12 in Long Blades
   827 | D        | Killed a black mamba
   828 | D        | Reached XP level 10. HP: 39/86 MP: 10/10
  1026 | D        | Noticed a rime drake
  1033 | D        | Killed a rime drake
  1041 | D        | Reached skill level 13 in Long Blades
  1041 | D        | Noticed a cane toad
  1054 | D        | Killed a cane toad
  1055 | D        | Reached skill level 10 in Shields
  1067 | D        | Gained mutation: You passively dampen the noise of your
                  | surroundings. [Jiyva's grace]
  1070 | D        | Noticed an elephant
  1070 | D        | Noticed a dire elephant
  1070 | D        | Noticed a dire elephant
  1070 | D        | Noticed a dire elephant
  1070 | D        | Noticed an elephant
  1070 | D        | Noticed an elephant
  1075 | D        | Killed an elephant
  1085 | D        | Killed a dire elephant
  1086 | D        | Reached skill level 14 in Long Blades
  1093 | D        | Killed an elephant
  1094 | D        | Reached XP level 11. HP: 61/95 MP: 11/11
  1108 | D        | Slimified a dire elephant
  1108 | D        | a dire elephant changed into a slime creature
  1123 | D        | HP: 1/95 [dire elephant (12)]
  1216 | D        | Lost mutation: You are strong-willed. (Will+) [Jiyva's
                  | grace]
  1218 | D        | Lost mutation: Your melee attacks may engulf your foes in
                  | ooze. [Jiyva's grace]
  1218 | D        | Reached ****** piety under Jiyva
  1221 | D        | Lost mutation: You have acidic saliva. [Jiyva's grace]
  1224 | D        | Gained mutation: You are partially covered in iridescent
                  | scales. (AC +2) [Jiyva's grace]
  1229 | D        | Gained mutation: You expend magic power (3 MP) to
                  | strengthen your wands. [Jiyva's grace]
  1233 | D        | Gained mutation: You are robust. (+10% HP) [Jiyva's grace]
  1246 | D        | Gained mutation: You have an increased reservoir of magic.
                  | (+10% MP) [Jiyva's grace]
  1249 | D        | Lost mutation: You expend magic power (3 MP) to strengthen
                  | your wands. [Jiyva's grace]
  1250 | D        | Slimified an elephant
  1250 | D        | an elephant changed into a slime creature
  1253 | D        | Slimified a dire elephant
  1253 | D        | Noticed an azure jelly
  1253 | D        | a dire elephant changed into an azure jelly
  1256 | D        | Lost mutation: You have an increased reservoir of magic.
                  | (+10% MP) [Jiyva's grace]
  1256 | D        | Lost mutation: You are robust. (+10% HP) [Jiyva's grace]
  1257 | D        | Gained mutation: You possess an exceptional clarity of
                  | mind. [Jiyva's grace]
  1259 | D        | Lost mutation: You are partially covered in iridescent
                  | scales. (AC +2) [Jiyva's grace]
  1259 | D        | Lost mutation: You possess an exceptional clarity of mind.
                  | [Jiyva's grace]
  1259 | D        | Lost mutation: Your skin changes colour to match your
                  | surroundings (Stealth+). [Jiyva's grace]
  1281 | D        | Noticed an elephant
  1292 | D        | Killed an elephant
  1295 | D        | Noticed a dire elephant
  1303 | D        | Gained mutation: Your mind is acute. (Int +2) [Jiyva's
                  | grace]
  1303 | D        | Lost mutation: You passively dampen the noise of your
                  | surroundings. [Jiyva's grace]
  1311 | D        | Lost mutation: Your mind is acute. (Int +2) [Jiyva's grace]
  1311 | D        | Gained mutation: You are partially covered in iridescent
                  | scales. (AC +2) [Jiyva's grace]
  1314 | D        | Gained mutation: You have a pair of small horns on your
                  | head. [Jiyva's grace]
  1317 | D        | Gained mutation: You have sharp toenails. [Jiyva's grace]
  1318 | D        | Gained mutation: You are covered in fur. (AC +1) [Jiyva's
                  | grace]
  1325 | D        | Lost mutation: You are partially covered in iridescent
                  | scales. (AC +2) [Jiyva's grace]
  1391 | D        | Killed a dire elephant
  1392 | D        | Reached skill level 15 in Long Blades
  1419 | D        | Gained mutation: Armour fits poorly on your pseudopods.
                  | [Jiyva's grace]
  1420 | D        | Gained mutation: Your body sometimes deteriorates upon
                  | taking damage. [Jiyva's grace]
  1423 | D        | Lost mutation: You have a pair of small horns on your head.
                  | [Jiyva's grace]
  1429 | D        | Gained mutation: You have razor-sharp toenails. [Jiyva's
                  | grace]
  1431 | D        | Lost mutation: Your body sometimes deteriorates upon taking
                  | damage. [Jiyva's grace]
  1432 | D        | Gained mutation: You have claws for feet. [Jiyva's grace]
  1433 | D        | Gained mutation: Your muscles are strong. (Str +2) [Jiyva's
                  | grace]
  1436 | D        | Gained mutation: You are covered in slimy tendrils that may
                  | disarm your opponents. [Jiyva's grace]
  1457 | D        | Lost mutation: Your muscles are strong. (Str +2) [Jiyva's
                  | grace]
  1461 | D        | Gained mutation: Your melee attacks may engulf your foes in
                  | ooze. [Jiyva's grace]
  1462 | D        | Gained mutation: You have a pair of small horns on your
                  | head. [Jiyva's grace]
  1465 | D        | Gained mutation: Your muscles are strong. (Str +2) [Jiyva's
                  | grace]
  1465 | D        | Gained mutation: Your spells are a little harder to cast,
                  | but a little more powerful. [Jiyva's grace]
  1467 | D        | Lost mutation: You are covered in slimy tendrils that may
                  | disarm your opponents. [Jiyva's grace]
  1471 | D        | Lost mutation: You have a pair of small horns on your head.
                  | [Jiyva's grace]
  1471 | D        | Lost mutation: Your spells are a little harder to cast, but
                  | a little more powerful. [Jiyva's grace]
  1473 | D        | Lost mutation: Armour fits poorly on your pseudopods.
                  | [Jiyva's grace]
  1476 | D        | Gained mutation: Your translucent skin slightly reduces
                  | your foes' accuracy. (Stealth+) [Jiyva's grace]
  1479 | D        | Lost mutation: Your melee attacks may engulf your foes in
                  | ooze. [Jiyva's grace]
  1482 | D        | Gained mutation: Your flesh is heat resistant. (rF+)
                  | [Jiyva's grace]
  1486 | D        | Gained mutation: Your muscles are very strong. (Str +4)
                  | [Jiyva's grace]
  1498 | D        | Noticed Josephine
  1511 | D        | Killed Josephine
  1618 | D        | Gained mutation: Your flesh is very heat resistant. (rF++)
                  | [Jiyva's grace]
  1623 | D        | Gained mutation: You have acidic saliva. [Jiyva's grace]
  1623 | D        | Gained mutation: You have a small jelly attached to you
                  | that may absorb incoming projectiles. [Jiyva's grace]
  1624 | D        | Gained mutation: You possess an exceptional clarity of
                  | mind. [Jiyva's grace]
  1624 | D        | Gained mutation: Your spells are a little harder to cast,
                  | but a little more powerful. [Jiyva's grace]
  1625 | D        | Gained mutation: Your movements are slightly less
                  | encumbered by armour. (ER -2) [Jiyva's grace]
  1626 | D        | Lost mutation: Your translucent skin slightly reduces your
                  | foes' accuracy. (Stealth+) [Jiyva's grace]
  1631 | D        | Lost mutation: Your spells are a little harder to cast, but
                  | a little more powerful. [Jiyva's grace]
  1682 | D        | Noticed an orc knight
  1682 | D        | Noticed an orc knight
  1688 | D        | Slimified an orc knight
  1688 | D        | an orc knight changed into a slime creature
  1689 | D        | Gained mutation: You have supernaturally acute eyesight.
                  | (SInv) [Jiyva's grace]
  1691 | D        | Lost mutation: You have supernaturally acute eyesight.
                  | (SInv) [Jiyva's grace]
  1700 | D        | Killed an orc knight
  1713 | D        | Noticed an orc sorcerer
  1717 | D        | Gained mutation: You have an increased reservoir of magic.
                  | (+10% MP) [Jiyva's grace]
  1717 | D        | Lost mutation: You possess an exceptional clarity of mind.
                  | [Jiyva's grace]
  1722 | D        | Gained mutation: Your body has grown golden eyes which may
                  | confuse attackers. (Acc +3) [Jiyva's grace]
  1725 | D        | Gained mutation: Your melee attacks may engulf your foes in
                  | ooze. [Jiyva's grace]
  1726 | D        | Lost mutation: Your flesh is very heat resistant. (rF++)
                  | [Jiyva's grace]
  1727 | D        | Gained mutation: You have a pair of small horns on your
                  | head. [Jiyva's grace]
  1728 | D        | Gained mutation: You have supernaturally acute eyesight.
                  | (SInv) [Jiyva's grace]
  1732 | D        | Lost mutation: Your melee attacks may engulf your foes in
                  | ooze. [Jiyva's grace]
  1732 | D        | Gained mutation: You possess an exceptional clarity of
                  | mind. [Jiyva's grace]
  1733 | D        | Killed an orc sorcerer
  1735 | D        | Reached skill level 16 in Long Blades
  1738 | D        | Gained mutation: You have sharp fingernails. [Jiyva's
                  | grace]
  1742 | D        | Found Tokaw's Antique Weapon Boutique.
  1742 | D        | Noticed an orc high priest
  1742 | D        | Noticed an orc high priest
  1742 | D        | Noticed an orc high priest
  1742 | D        | Noticed an orc high priest
  1745 | D        | Noticed a sixfirhy
  1749 | D        | Killed an orc high priest
  1754 | D        | Killed an orc high priest
  1755 | D        | Reached XP level 12. HP: 72/105 MP: 13/13
  1757 | D        | Found Ocsani's Weapon Shop.
  1758 | D        | Lost mutation: You have a pair of small horns on your head.
                  | [Jiyva's grace]
  1762 | D        | Killed an orc high priest
  1764 | D        | Noticed a sixfirhy
  1768 | D        | Killed an orc high priest
  1774 | D        | Found Qiurphit's Weapon Boutique.
  1775 | D        | Gained mutation: You have a small jelly attached to you
                  | that senses nearby items. [Jiyva's grace]
  1778 | D        | Found Lokiptep's Magic Scroll Shop.
  1780 | D        | Noticed an orc high priest
  1781 | D        | Noticed an orc high priest
  1783 | D        | Noticed an orc high priest
  1786 | D        | Killed an orc high priest
  1787 | D        | Noticed an orc high priest
  1792 | D        | Killed an orc high priest
  1793 | D        | Reached skill level 5 in Dodging
  1797 | D        | Killed an orc high priest
  1802 | D        | Killed an orc high priest
  1802 | D        | Lost mutation: You have a small jelly attached to you that
                  | may absorb incoming projectiles. [Jiyva's grace]
  1803 | D        | Reached skill level 17 in Long Blades
  1803 | D        | Lost mutation: You have claws for feet. [Jiyva's grace]
  1805 | D        | Gained mutation: You are partially covered in large bone
                  | plates. (SH +4) [Jiyva's grace]
  1815 | D        | Gained mutation: Your spells are a little harder to cast,
                  | but a little more powerful. [Jiyva's grace]
  1850 | D        | Noticed Grum
  1858 | D        | Killed Grum
  1945 | D        | Found the -2 hat of the Alchemist {rElec rPois rF+ rC+ rN+
                  | Will+ rMut rCorr}
  1967 | D        | Noticed a rakshasa
  1967 | D        | Noticed a centaur warrior
  1973 | D        | Killed a centaur warrior
  1979 | D        | Noticed an ettin
  1991 | D        | Noticed a deep troll shaman
  1992 | D        | Killed a rakshasa
  1995 | D        | Noticed a fire giant
  1999 | D        | Noticed a stone giant
  1999 | D        | Noticed a white very ugly thing
  2017 | D        | Slimified an ettin
  2017 | D        | an ettin changed into a slime creature
  2018 | D        | Lost mutation: You possess an exceptional clarity of mind.
                  | [Jiyva's grace]
  2022 | D        | Killed a deep troll shaman
  2023 | D        | Reached skill level 15 in Fighting
  2023 | D        | Reached XP level 13. HP: 13/115 MP: 14/14
  2026 | D        | Slain by a fire giant

Illustrated notes

Levels and vault maps discovered:
D:        linesprint [early_d, line_temple, items_1, d_10, items_2, lair_1,
          lair_end, items_3, orc_1, orc_end, items_4, d_15, swamp_1, shoals_1,
          snake_1, spider_1, d_20, vaults_1, items_5, swamp_end, shoals_end,
          snake_end, spider_end, vaults_end, d_27, items_6, zot_1, zot_end,
          crypt_end, forest_end, elf_end, slime_end, tomb_end, abyss_end,
          pan_hell_end]

Skill      XL: |  1  2  3  4  5  6  7  8  9 10 11 12 |
---------------+-------------------------------------+-----
Fighting       | 5 6 8 9 10 11 13 15 | 15.0
Long Blades    | 4 6 9 11 12 14 16 17 | 17.6
Armour         | 5 6 8 9 10 12 13 | 13.9
Shields        | 5 6 8 9 10 12 14 | 14.2
Dodging        | 1 2 3 4 6 |  6.6
Stealth        | 2 4 6 |  6.5

Action                   |  1- 3 |  4- 6 |  7- 9 | 10-12 | 13-15 || total
-------------------------+-------+-------+-------+-------+-------++-------
Melee: Long sword        |    18 |     6 |       |       |       ||    24
       Scimitar          |       |    10 |    61 |   274 |     4 ||   349
       Bite              |       |       |     2 |    36 |     3 ||    41
       Kick              |       |       |       |    58 |       ||    58
       Headbutt          |       |       |       |     7 |       ||     7
Invok: Request Jelly     |       |       |     4 |     2 |       ||     6
       Slimify           |       |       |     2 |     5 |       ||     7
       Cure Bad Mutation |       |       |     1 |       |       ||     1
  Use: Potion            |     1 |     2 |     9 |     6 |       ||    18
       Scroll            |       |       |     2 |       |       ||     2
 Stab: Invisible         |       |     2 |     3 |       |       ||     5
       Confused          |       |       |       |     1 |       ||     1
Armor: Scale mail        |     6 |       |       |       |       ||     6
       Chain mail        |       |     6 |    14 |    61 |       ||    81
Dodge: Dodged            |     7 |     3 |     7 |    35 |       ||    52
Block: Kite shield       |     9 |     9 |    26 |   138 |     2 ||   184
       Reflection        |       |       |       |     5 |       ||     5
       Rpst.: Scimitar   |       |     2 |     2 |    14 |       ||    18
